 Dungeon Sprint DCSS version 0.29.1-15-g9cfb28693d (webtiles) character file.

Game seed: 9240686676317219103

1325 Groucho the Fighter (level 8, 0/86 HPs)
             Began as a Naga Fighter on Apr 7, 2023.
             Was a Priest of Cheibriados.
             Slain by a two-headed ogre
             ... wielding a +0 giant club
              (6 damage)
             ... in the Dungeon (Sprint IX: "|||||||||||||||||||||||||||||").
             The game lasted 00:02:43 (1353 turns).

Groucho the Fighter (Naga Fighter)                  Turns: 1353, Time: 00:02:43

Health: 0/86       AC: 12    Str: 28    XL:     8   Next: 60%
Magic:  8/10       EV:  7    Int: 17    God:    Cheibriados [***...]
Gold:   0          SH:  7    Dex: 19    Spells: 7/7 levels left

rFire   . . .      SeeInvis +   l - +3 war axe (freeze)
rCold   . . .      Faith    .   c - +0 buckler
rNeg    . . .      Spirit   .   m - +0 plate armour
rPois   +          Reflect  .   (no helmet)
rElec   .          Harm     .   a - +0 cloak
rCorr   .          Rampage  .   (no gloves)
Will    +....      NoTele   +   (no barding)
Stlth   ..........              (no amulet)
HPRegen 0.24/turn               n - +2 ring of evasion
MPRegen 0.12/turn               o - +3 ring of strength

@: very slow
A: AC +2, large, see invisible, deformed body, poison resistance, slowness 2,
spit poison 1, naga tail 1
a: Spit Poison, Renounce Religion, Bend Time, Temporal Distortion


You were in the Dungeon.
You worshipped Cheibriados.
Cheibriados was most pleased with you.
You visited 1 branch

Inventory:

Hand Weapons
 l - a +3 war axe of freezing (weapon)
Armour
 a - a +0 cloak (worn)
 b - a +0 scale mail
 c - a +0 buckler (worn)
 m - a +0 plate armour (worn)
Jewellery
 n - a +2 ring of evasion (left hand)
 o - a +3 ring of strength (right hand)
Wands
 k - a wand of roots (10)
Scrolls
 g - 2 scrolls of amnesia
 j - 2 scrolls of blinking
Potions
 f - 3 potions of curing
 h - 4 potions of magic
 i - a potion of berserk rage


   Skills:
 + Level 9.7 Fighting
 + Level 9.4 Axes
 + Level 8.1 Armour
 + Level 8.9 Shields
 * Level 3.6 Invocations


You had 7 spell levels left.
You didn't know any spells.
Your spell library was empty.

Dungeon Overview and Level Annotations

Branches:
Dungeon (1/1)

Altars:
Cheibriados
Dithmenos
Elyvilon
Fedhas
Gozag
Hepliaklqana
Kikubaaqudgha
Makhleb
Nemelex Xobeh
Okawaru
Qazlal
Ru
Sif Muna
Trog
Uskayaw
Vehumet
Wu Jian
Xom
Yredelemnul
Zin
The Shining One
Jiyva
Lugonu


Innate Abilities, Weirdness & Mutations

Your serpentine skin is tough. (AC +2)
You have supernaturally acute eyesight. (SInv)
Armour fits poorly on your strangely shaped body.
Your system is resistant to poisons. (rPois)
You cover ground very slowly.
You can spit poison.
You have a snake-like lower body.


Message History

* * * LOW HITPOINT WARNING * * *
You feel much better.
The gargoyle hurls a stone arrow at you.
The stone arrow hits you!
You completely miss the gargoyle.
The gargoyle is severely damaged.
The jumping spider leaps!
The gargoyle hits you with a +0 mace.
* * * LOW HITPOINT WARNING * * *
You barely miss the gargoyle.
The gargoyle is severely damaged.
The gargoyle hits you with a +0 mace!
* * * LOW HITPOINT WARNING * * *
Unknown command.
You feel better. The gargoyle hits you with a +0 mace.
* * * LOW HITPOINT WARNING * * *
The jumping spider barely misses you. The jumping spider bites you.
* * * LOW HITPOINT WARNING * * *
Unknown command.
You hit the gargoyle but do no damage.
The gargoyle is severely damaged.
You closely miss the jumping spider.
The jumping spider leaps!
You block the gargoyle's attack.
Unknown command.
Unknown command.
Unknown command.
You slash the gargoyle! You freeze the gargoyle.
You destroy the gargoyle!
Cheibriados appreciates the change of pace.
Your Armour skill increases to level 8!
Your Invocations skill gained 3 levels and is now at level 3!
Unknown command.
Unknown command.
Unknown command.
Unknown command.
You slash the two-headed ogre! You freeze the two-headed ogre.
The two-headed ogre is heavily wounded.
The two-headed ogre hits you with a +0 giant club.
* * * LOW HITPOINT WARNING * * *
The two-headed ogre hits you with a +0 giant club.
You die... ▓▓▓▓▓▓▓▓▓▓▓▓▓▓▓▓▓▓▓▓▓▓▓▓ ..).[....'.)...s@OuDD..+ ▓▓▓▓▓▓▓▓▓▓▓▓▓▓▓▓▓▓▓▓▓▓▓▓

You could see a seven-headed hydra, a four-headed hydra, a cyan ugly thing, a two-headed ogre and a jumping spider.

Vanquished Creatures
  A gargoyle (D)
  An unseen horror (D)
  3 yaks (D)
  A steam dragon (D)
  A centaur (D)
  A phantom (D)
  A necrophage (D)
  2 adders (D)
  An orc (D)
  A giant cockroach (D)
  A hobgoblin (D)
  A kobold (D)
  A quokka (D)
  A rat (D)
17 creatures vanquished.

Notes
Turn   | Place    | Note
-------+----------+-------------------------------------------
     0 | D        | Groucho the Naga Fighter began the quest for the Orb.
     0 | D        | Reached XP level 1. HP: 21/21 MP: 1/1
   342 | D        | Noticed a necrophage
   342 | D        | Noticed a phantom
   353 | D        | Killed a necrophage
   354 | D        | Reached XP level 2. HP: 10/31 MP: 2/2
   354 | D        | Reached XP level 3. HP: 13/38 MP: 3/3
   354 | D        | Reached XP level 4. HP: 15/45 MP: 4/4
   364 | D        | Killed a phantom
   365 | D        | Reached skill level 5 in Fighting
   365 | D        | Reached skill level 5 in Axes
   365 | D        | Reached skill level 5 in Shields
   365 | D        | Reached XP level 5. HP: 12/55 MP: 5/5
   812 | D        | Found a snail-covered altar of Cheibriados.
   812 | D        | Found a shadowy altar of Dithmenos.
   812 | D        | Found a white marble altar of Elyvilon.
   812 | D        | Found a blossoming altar of Fedhas.
   812 | D        | Found an opulent altar of Gozag.
   813 | D        | Found a hazy altar of Hepliaklqana.
   814 | D        | Found a viscous altar of Jiyva.
   815 | D        | Found an ancient bone altar of Kikubaaqudgha.
   816 | D        | Became a worshipper of Cheibriados the Contemplative
   817 | D        | Found a corrupted altar of Lugonu.
   818 | D        | Found a burning altar of Makhleb.
   819 | D        | Found a sparkling altar of Nemelex Xobeh.
   820 | D        | Found an iron altar of Okawaru.
   821 | D        | Found a stormy altar of Qazlal.
   822 | D        | Found a sacrificial altar of Ru.
   823 | D        | Found a shimmering blue altar of Sif Muna.
   824 | D        | Found a bloodstained altar of Trog.
   825 | D        | Found a hide-covered altar of Uskayaw.
   826 | D        | Found a radiant altar of Vehumet.
   827 | D        | Found an ornate altar of the Wu Jian Council.
   828 | D        | Found a shimmering altar of Xom.
   829 | D        | Found a basalt altar of Yredelemnul.
   830 | D        | Found a glowing silver altar of Zin.
   831 | D        | Found a glowing golden altar of the Shining One.
   880 | D        | Noticed a yak
   880 | D        | Noticed a centaur
   880 | D        | Noticed a yak
   880 | D        | Noticed a steam dragon
   880 | D        | Noticed a yak
   880 | D        | Noticed an unseen horror
   889 | D        | Killed a yak
   890 | D        | Reached skill level 5 in Armour
   890 | D        | Reached XP level 6. HP: 56/66 MP: 6/6
   893 | D        | Reached * piety under Cheibriados
   900 | D        | Killed a yak
   901 | D        | Reached XP level 7. HP: 44/74 MP: 7/7
   904 | D        | Killed a steam dragon
   904 | D        | Reached ** piety under Cheibriados
   913 | D        | Killed a yak
   921 | D        | Killed an unseen horror
   921 | D        | Reached *** piety under Cheibriados
   922 | D        | Reached XP level 8. HP: 28/85 MP: 8/8
  1342 | D        | Noticed a jumping spider
  1342 | D        | Noticed a gargoyle
  1342 | D        | Noticed a two-headed ogre
  1342 | D        | Noticed a cyan ugly thing
  1342 | D        | Noticed a four-headed hydra
  1342 | D        | Noticed a seven-headed hydra
  1352 | D        | Killed a gargoyle
  1353 | D        | Slain by a two-headed ogre

Illustrated notes

Levels and vault maps discovered:
D:        linesprint [early_d, line_temple, items_1, d_10, items_2, lair_1,
          lair_end, items_3, orc_1, orc_end, items_4, d_15, swamp_1, shoals_1,
          snake_1, spider_1, d_20, vaults_1, items_5, swamp_end, shoals_end,
          snake_end, spider_end, vaults_end, d_27, items_6, zot_1, zot_end,
          crypt_end, forest_end, elf_end, slime_end, tomb_end, abyss_end,
          pan_hell_end]

Skill      XL: |  1  2  3  4  5  6  7  8 |
---------------+-------------------------+-----
Shields        | 4 5 6 7 8 |  8.9
Fighting       | 4 5 7 8 9 |  9.7
Axes           | 4 5 6 7 9 |  9.4
Armour         | 4 5 6 7 8 |  8.1
Invocations    | 3 |  3.6

Action                   |  1- 3 |  4- 6 |  7- 9 || total
-------------------------+-------+-------+-------++-------
Melee: War axe           |    25 |    30 |    25 ||    80
  Use: Potion            |     3 |     2 |     3 ||     8
 Stab: Invisible         |       |     6 |     2 ||     8
Armor: Scale mail        |     8 |     3 |       ||    11
       Plate armour      |       |    10 |    13 ||    23
Dodge: Dodged            |     4 |     7 |     4 ||    15
Block: Buckler           |     4 |     5 |     9 ||    18
